 Dungeon Crawl Stone Soup version 0.30-a0-141-g30f27751c5 (webtiles) character file.

Game seed: 12842773227578834505

95 qw the Chopper (level 4, -2/28 HPs)
             Began as a Gargoyle Fighter on Sept 25, 2022.
             Was an Initiate of Okawaru.
             Slain by an ogre
             ... wielding a +0 giant club
              (7 damage)
             ... on level 4 of the Dungeon.
             The game lasted 00:00:50 (2074 turns).

qw the Chopper (Gargoyle Fighter)                   Turns: 2074, Time: 00:00:51

Health: -2/28      AC: 17    Str: 21    XL:     4   Next: 66%
Magic:  4/4        EV:  5    Int:  9    God:    Okawaru [......]
Gold:   102        SH:  4    Dex:  9    Spells: 3/3 levels left

rFire   + . .      SeeInvis .    Y - +0 war axe
rCold   . . .      Faith    .    c - +0 buckler
rNeg    + . .      Spirit   .    f - +0 plate armour
rPois   inf        Reflect  .    (no helmet)
rElec   +          Harm     .    (no cloak)
rCorr   .          Rampage  .    (no gloves)
Will    .....                    o - +1 pair of boots
Stlth   ..........               (no amulet)
HPRegen 0.09/turn                n - ring of protection from fire
MPRegen 0.09/turn                (no ring)

@: about to teleport
A: sickness immunity, AC +3, negative energy resistance 1, electricity
resistance, torment resistance 1, petrification resistance
a: Renounce Religion


You were on level 4 of the Dungeon.
You worshipped Okawaru.
Okawaru was noncommittal.
You visited 1 branch of the dungeon, and saw 3 of its levels.

You collected 102 gold pieces.


Innate Abilities, Weirdness & Mutations

You are immune to sickness and miasma.
Your stone body is resilient. (AC +3)
You are immune to poison.
You resist negative energy. (rN+)
You are resistant to electric shocks. (rElec)
You are resistant to unholy torment.
You are immune to petrification.


   Skills:
 - Level 3.2 Fighting
 + Level 4.3 Axes
 - Level 3.2 Armour
 - Level 3.2 Shields


You had 3 spell levels left.
You didn't know any spells.
Your spell library was empty.

Inventory:

Hand Weapons
 a - a +4 demon whip of venom
 Y - a +0 war axe (weapon)
Armour
 c - a +0 buckler (worn)
 f - a +0 plate armour (worn)
 h - a +0 helmet
 o - a +1 pair of boots (worn)
Jewellery
 b - a ring of protection from cold
 n - a ring of protection from fire (left hand)
Scrolls
 g - a scroll of identify {unknown}
 j - a scroll of teleportation
Potions
 d - a potion of might
 e - a potion of curing {unknown}
 i - a potion of lignification {unknown}

Dungeon Overview and Level Annotations

Branches:
Dungeon (4/15)
 Temple: D:4-7

Altars:
Okawaru


Message History

You see here a jackal corpse.
A jackal comes into view.
The jackal barks!
You hear a shout!
The jackal moves out of view.
There is a stone staircase leading down here.
You closely miss the jackal.
The jackal bites you but does no damage.
You barely miss the jackal.
The jackal bites you but does no damage. x2
You closely miss the jackal.
The jackal bites you but does no damage. x2
An ogre comes into view. It is wielding a +0 giant club.
You hit the jackal but do no damage.
The jackal bites you but does no damage. x2
You closely miss the jackal. You block the jackal's attack.
The jackal barely misses you.
You hit the jackal.
The jackal is lightly wounded.
The jackal bites you but does no damage.
You block the jackal's attack.
You closely miss the jackal.
The jackal is lightly wounded.
The jackal bites you but does no damage. x2
You slash the jackal!
You kill the jackal!
Okawaru accepts your kill. The ogre hits you with a +0 giant club!
You slash the ogre!
The ogre is moderately wounded.
You hit the ogre.
The ogre is heavily wounded.
The ogre hits you but does no damage.
You barely miss the ogre.
The ogre is heavily wounded.
The ogre hits you with a +0 giant club!
2074 ||| READING 2 scrolls of teleportation.
As you read the scroll of teleportation, it crumbles to dust.
You feel strangely unstable. The ogre hits you with a +0 giant club!
You die...

#.# #.# #.#
####.# #....#
#%#### #.# #>#
#@#
#.....O.......#
#.....#?#######
#.......# #....
### ..... ....
###.


You could see an ogre.

Vanquished Creatures
  3 adders (D:2)
  A worm (D:2)
  A dart slug (D:1)
  2 bats
  4 endoplasms
  3 giant cockroaches (D:2)
  8 hobgoblins
  7 jackals
  A quokka (D:2)
  9 ball pythons
  2 frilled lizards (D:1)
  6 goblins
  3 kobolds
  6 rats
56 creatures vanquished.

Notes
Turn   | Place    | Note
-------+----------+-------------------------------------------
     0 | D:1      | qw the Gargoyle Fighter began the quest for the Orb.
     0 | D:1      | Reached XP level 1. HP: 14/14 MP: 1/1
     0 | D:1      | 0 ||| qw: Version: 0.2-a-10-g399e6c4
     0 | D:1      | 0 ||| qw: Game counter: 246
     0 | D:1      | 0 ||| qw: Always use a shield: true
     0 | D:1      | 0 ||| qw: God list: Okawaru
     0 | D:1      | 0 ||| qw: Allow faded altars: false
     0 | D:1      | 0 ||| qw: Do Orc after D:15 true
     0 | D:1      | 0 ||| qw: Do second Lair branch before Depths: true
     0 | D:1      | 0 ||| qw: Lair rune preference: random
     0 | D:1      | 0 ||| qw: Plans: Normal, Zot:1-4, God:TSO, Crypt, Tomb,
                  | Pan, Slime:5, Hells, Abyss, Orb
     0 | D:1      | 0 ||| PLANNING D:1-11
    84 | D:1      | 84 ||| Stepping ~*~*~tactically~*~*~ (hiding).
    95 | D:1      | Reached skill level 2 in Axes
   247 | D:1      | Reached XP level 2. HP: 19/19 MP: 2/2
   474 | D:1      | 474 ||| Stepping ~*~*~tactically~*~*~ (stealth).
   475 | D:1      | 475 ||| Stepping ~*~*~tactically~*~*~ (stealth).
   485 | D:1      | 485 ||| Stepping ~*~*~tactically~*~*~ (stealth).
   486 | D:1      | 486 ||| Stepping ~*~*~tactically~*~*~ (stealth).
   639 | D:1      | Reached skill level 3 in Axes
   896 | D:1      | Reached XP level 3. HP: 23/23 MP: 3/3
  1069 | D:1      | 1069 ||| UPGRADING to +0 plate armour.
  1079 | D:1      | 1079 ||| DROPPING +0 scale mail.
  1080 | D:1      | 1080 ||| UPGRADING to +1 pair of boots.
  1085 | D:1      | 1085 ||| UPGRADING to ring of protection from fire.
  1086 | D:1      | 1086 ||| READING scroll labelled COLUYN ZUBRO.
  1087 | D:1      | 1087 ||| READING scroll labelled JOM CUUFFEYNES.
  1088 | D:1      | 1088 ||| READING 3 scrolls labelled XALIRI GAASS.
  1093 | D:1      | 1093 ||| READING scroll labelled BAIKOPLAUQO.
  1094 | D:1      | 1094 ||| READING scroll labelled LOEHUF KARU.
  1095 | D:1      | 1095 ||| READING scroll labelled OFOEBAOPRUOBB.
  1096 | D:1      | 1096 ||| READING scroll labelled RISHRU RIKHUMP.
  1096 | D:1      | Identified a scroll of acquirement
  1096 | D:1      | 1096 ||| ACQUIRING +4 demon whip of venom
  1096 | D:1      | Acquired a +4 demon whip of venom
  1098 | D:1      | 1098 ||| DROPPING +0 club.
  1114 | D:2      | Found an iron altar of Okawaru.
  1115 | D:2      | 1115 ||| PLANNING OKAWARU WORSHIP
  1115 | D:2      | 1115 ||| STAIRDANCE
  1122 | D:2      | Became a worshipper of Warmaster Okawaru
  1123 | D:2      | 1123 ||| PLANNING D:1-11
  1384 | D:2      | 1384 ||| Stepping ~*~*~tactically~*~*~ (stealth).
  1461 | D:2      | Reached XP level 4. HP: 26/28 MP: 4/4
  1550 | D:2      | Reached skill level 4 in Axes
  1760 | D:2      | 1760 ||| Stepping ~*~*~tactically~*~*~ (stealth).
  1761 | D:2      | 1761 ||| Stepping ~*~*~tactically~*~*~ (stealth).
  2034 | D:2      | 2034 ||| Stepping ~*~*~tactically~*~*~ (stealth).
  2046 | D:2      | 2046 ||| Stepping ~*~*~tactically~*~*~ (stealth).
  2047 | D:2      | 2047 ||| Stepping ~*~*~tactically~*~*~ (stealth).
  2048 | D:2      | You fall into a shaft and drop 2 floors!
  2065 | D:4      | Noticed an ogre
  2073 | D:4      | HP: 5/28 [ogre/+0 giant club (11)]
  2074 | D:4      | 2074 ||| READING 2 scrolls of teleportation.
  2074 | D:4      | Slain by an ogre

Levels and vault maps discovered:
D:1:      onia_arrival_pyramid, layout_loops_corners, minmay_curled_crystal,
          minmay_pentomino_t2
D:2:      layout_basic, basic_altar
D:4:      layout_loops_ring, mainiacjoe_overflow_catwalk, serial_shops,
          nicolae_stop_n_shop_2, serial_forest, infiniplex_forest_clump_curved,
          infiniplex_forest_straight_5, infiniplex_forest_lined_ring,
          infiniplex_forest_corner_1, infiniplex_forest_clump_C,
          infiniplex_forest_lined_4_way, infiniplex_forest_clump_C,
          uniq_menkaure

Skill      XL: |  1  2  3  4 |
---------------+-------------+-----
Axes           | 2 3 4 |  4.3
Fighting       | |  3.2
Armour         | |  3.2
Shields        | |  3.2

Action                   |  1- 3 |  4- 6 || total
-------------------------+-------+-------++-------
Melee: War axe           |    90 |    73 ||   163
  Use: Scroll            |     7 |     1 ||     8
Armor: Scale mail        |    18 |       ||    18
       Plate armour      |    30 |    45 ||    75
Dodge: Dodged            |    23 |    16 ||    39
Block: Buckler           |    13 |    15 ||    28

Table legend:
 A = Non-vault XP
 B = Vault XP
 C = Vault XP percentage of total XP
 D = Non-vault monster count
 E = Vault monster count
 F = Vault count percentage of total count
                 A         B        C        D         E       F
            +---------+---------+-------+---------+---------+-------
      Total |     135 |       2 |   1.5 |      55 |       1 |   1.8
            +---------+---------+-------+---------+---------+-------
        D:1 |      39 |       2 |   4.9 |      23 |       1 |   4.2
        D:2 |      92 |       0 |   0.0 |      30 |       0 |   0.0
        D:4 |       4 |       0 |   0.0 |       2 |       0 |   0.0
            +---------+---------+-------+---------+---------+-------
